Cogmind - Beta 16 @@@ ROGUE MODE // 2026.01.16 @ 18:06:54 Player: Tom Fryers Result: Destroyed by G-47 Trooper with Particle Gun Performance ------------- Evolutions (2) 1000 Regions Visited (5) 1000 Robots Destroyed (1) 5 Value Destroyed (5) 5 Prototype IDs (0) 0 Alien Tech Used (0) 0 Bonus (470) 470 TOTAL SCORE: 2480 Bonus ------- Pacifist 470 Cogmind --------- Core Integrity 0/550 Matter 253/300 Energy 99/100 System Corruption 0% Temperature Cool (9) Movement Core (50) Location -8/Materials Parts ------- > --- POWER (1) -------- (None) > --- PROPULSION (2) --- (None) > --- UTILITY (6) ------ (None) > --- WEAPON (2) ------- (None) > --- INVENTORY (5) ---- Improved Hover Unit Makeshift Axe Peak State ------------ > --- POWER ------------ Light Ion Engine > --- PROPULSION ------- Improved Hover Unit > --- UTILITY ---------- (None) > --- WEAPON ----------- (None) > --- INVENTORY -------- (None) [Rating: 3] Favorites ----------- Power Light Ion Engine Engine Light Ion Engine Propulsion Flight Unit Hover Unit Improved Hover Unit Flight Unit Flight Unit Utility None Weapon None Build | -11 -10 -10 -9 -9 -8 ------- Run | Yrd Mat Min Mat Min Mat Slots Evolved 4 | . . . 2 . 2 Power . | . . . . . . Propulsion . | . . . . . . Utility 4 | . . . 2 . 2 Weapon . | . . . . . . Parts Attached 3 | . . . 2 1 . Power 1 | . . . 1 . . Engine 1 | . . . 1 . . Core . | . . . . . . Reactor . | . . . . . . Propulsion 2 | . . . 1 1 . Treads . | . . . . . . Leg . | . . . . . . Wheel . | . . . . . . Hover 1 | . . . 1 . . Flight 1 | . . . . 1 . Utility . | . . . . . . Device . | . . . . . . Storage . | . . . . . . Processor . | . . . . . . Hackware . | . . . . . . Protection . | . . . . . . Artifact . | . . . . . . Weapon . | . . . . . . Energy Gun . | . . . . . . Energy Cannon . | . . . . . . Ballistic Gun . | . . . . . . Ballistic Cannon . | . . . . . . Launcher . | . . . . . . Special Weapon . | . . . . . . Impact Weapon . | . . . . . . Slashing Weapon . | . . . . . . Piercing Weapon . | . . . . . . Special Melee Weapon . | . . . . . . Unidentified Prototypes . | . . . . . . Parts Lost 2 | . . . . . 2 Power 1 | . . . . . 1 Propulsion 1 | . . . . . 1 Utility . | . . . . . . Weapon . | . . . . . . Highest Loss Streak 2 | . . . . . 2 To Critical Strikes . | . . . . . . Average Backups 1 | . 1 1 1 2 2 Power . | . 1 1 1 . . Propulsion . | . . . . 1 1 Utility . | . . . . . . Weapon . | . . . . . 1 Tool/Special . | . . . . . . Unused Backups 1 | . . . . . 1 Power . | . . . . . . Propulsion . | . . . . . . Utility . | . . . . . . Weapon 1 | . . . . . 1 Tool/Special . | . . . . . . Average Slot Usage (%) 2 | . . . . 2 5 Engine 1 | . . . . 1 3 Flight 1 | . . . . 1 2 Peak Build Rating 3 | . . . 3 2 2 Average Rating . | . . . . . . On Entrance . | . . . . . 2 Avg Prop Armor Cover (%) . | . . . . . . Naked Turns 257 | . 45 3 50 88 71 Heaviest Build 3 | . . . . 3 3 Greatest Support 4 | 3 3 3 3 4 4 Greatest Overweight (x) . | . . . . . . Average Overweight (x) . | . . . . . . Largest Inventory Capacity 5 | 5 5 5 5 5 5 Average Capacity 5 | 5 5 5 5 5 5 Most Carried 4 | 1 1 1 2 4 2 Average Carried 1 | . 1 1 1 2 2 Final Capacity 5 | 5 5 5 5 5 5 Final Carried 2 | 1 1 1 2 2 2 Class Distribution -------------------- 100% | Mutant Dominant Class ---------------- Mutant | -10/Materials Mutant | -10/Mines Mutant | -9/Materials Mutant | -9/Mines Mutant | -8/Materials Resources | -11 -10 -10 -9 -9 -8 ----------- Run | Yrd Mat Min Mat Min Mat Matter Collected 124 | 38 . . . 56 30 Remotely . | . . . . . . Salvage Created 30 | . . . . . 30 Parts 4 | . . . . . 4 Haulers Intercepted . | . . . . . . Recyclers Shooed . | . . . . . . Parts Field Recycled . | . . . . . . Retrieved Matter . | . . . . . . Parts Self-Destructed . | . . . . . . Prevented . | . . . . . . Parts Restored . | . . . . . . Kills | -11 -10 -10 -9 -9 -8 ------- Run | Yrd Mat Min Mat Min Mat Combat Hostiles Destroyed . | . . . . . . Classes Destroyed 1 | . . . . . 1 Builder 1 | . . . . . 1 Best Kill Streak 1 | . . . . . 1 Combat Bots Only . | . . . . . . Max Kills in Single Turn 1 | . . . . . 1 Gunslinging . | . . . . . . Exploded . | . . . . . . Melee . | . . . . . . Uniques/NPCs Destroyed . | . . . . . . Combat | -11 -10 -10 -9 -9 -8 -------- Run | Yrd Mat Min Mat Min Mat Hostile Shots Fired 90 | . . . 15 . 75 Missed 28 | . . . 2 . 26 Hits 62 | . . . 13 . 49 Projectile 62 | . . . 13 . 49 Critical Strikes 5 | . . . 1 . 4 Damage Taken 757 | . . . 131 10 616 Core 700 | . . . 131 10 559 Absorbed by Shields . | . . . . . . Core Remaining (%) 88 | 100 . 100 . 64 . Volleys Fired . | . . . . . . Largest . | . . . . . . Hottest . | . . . . . . Shots Fired . | . . . . . . Gun . | . . . . . . Cannon . | . . . . . . Launcher . | . . . . . . Special . | . . . . . . Kinetic . | . . . . . . Thermal . | . . . . . . Explosive . | . . . . . . Electromagnetic . | . . . . . . Robot Hit Streak . | . . . . . . Robot Miss Streak . | . . . . . . Penetration Max . | . . . . . . Secondary Targets . | . . . . . . Shots Hit Robots . | . . . . . . Core Hits 9 | . . . . 1 8 Critical Kills . | . . . . . . Critical Parts Destroyed . | . . . . . . Critical Strikes . | . . . . . . Melee Attacks . | . . . . . . Impact . | . . . . . . Slashing . | . . . . . . Piercing . | . . . . . . Sneak Attacks . | . . . . . . Combat Hostiles . | . . . . . . Follow-up Attacks . | . . . . . . Damage Inflicted 85 | . . . . 21 64 Guns . | . . . . . . Cannons . | . . . . . . Explosions . | . . . . . . Melee . | . . . . . . Ramming 85 | . . . . 21 64 Kinetic . | . . . . . . Thermal . | . . . . . . Explosive . | . . . . . . Electromagnetic . | . . . . . . Impact . | . . . . . . Slashing . | . . . . . . Piercing . | . . . . . . Highest Corruption . | . . . . . . Average Corruption . | . . . . . . Corruption Purged . | . . . . . . Corruption Blocked . | . . . . . . Overload Shots . | . . . . . . Overflow Damage . | . . . . . . Projectiles . | . . . . . . Explosions . | . . . . . . Melee . | . . . . . . Knockbacks . | . . . . . . Impact . | . . . . . . Kinetic . | . . . . . . Secondary . | . . . . . . Self-Inflicted Damage 38 | . . . . 10 28 Shots . | . . . . . . Rammed 21 | . . . . 4 17 Targets Rammed 21 | . . . . 4 17 Kicked . | . . . . . . Crushed . | . . . . . . Highest Temperature 23 | . . . . . 23 Average Temperature 12 | . . . . . 12 Received Heat Transfer 264 | . . . 48 . 216 Siege Activations . | . . . . . . Martial Activations . | . . . . . . Shielding Activations . | . . . . . . Robots Disrupted . | . . . . . . Combat Hostiles . | . . . . . . Robots Corrupted . | . . . . . . Combat Hostiles . | . . . . . . Parts Fried . | . . . . . . Impact Corruptions . | . . . . . . Robots Melted . | . . . . . . Combat Hostiles . | . . . . . . Parts Melted . | . . . . . . Heat Transferred . | . . . . . . Parts Sabotaged . | . . . . . . Parts Stolen . | . . . . . . Parts Stripped . | . . . . . . Power Chain Reactions . | . . . . . . Alert | -11 -10 -10 -9 -9 -8 ------- Run | Yrd Mat Min Mat Min Mat Maximum Alert Level . | . . . . . . Low Security (%) 100 | 100 100 100 100 100 100 Level 1 . | . . . . . . Level 2 . | . . . . . . Level 3 . | . . . . . . Level 4 . | . . . . . . Level 5 . | . . . . . . High Security . | . . . . . . Max Security . | . . . . . . Peak Influence 35 | . . . . . 35 Initial . | . . . . . . Average 4 | . . . . . 12 Influence Increases 58 | . . . . . 58 Destroy 0b10 Robot/NC 5 | . . . . . 5 Successful Hack 8 | . . . . . 8 Lose Combat Pursuer 45 | . . . . . 45 Influence Decreases 38 | . . . . . 38 Time Decay 38 | . . . . . 38 Squads Dispatched 3 | . . . 1 . 2 Investigation 1 | . . . . . 1 Extermination . | . . . . . . Reinforcement 2 | . . . 1 . 1 Assault . | . . . . . . Garrison . | . . . . . . Intercept . | . . . . . . Searches Triggered . | . . . . . . Construction Impeded 1 | . . . . . 1 Haulers Reinforced . | . . . . . . Active Scanning Responses . | . . . . . . Cargo Convoy Interrupts . | . . . . . . Stealth | -11 -10 -10 -9 -9 -8 --------- Run | Yrd Mat Min Mat Min Mat Distress Signals 2 | . . . 1 . 1 Communications Jammed . | . . . . . . Distress Signals . | . . . . . . Times Spotted 36 | . 2 . 10 . 24 Peak Tracking Total 22 | . 3 . 12 . 22 Tactical Retreats 1 | . . . . . 1 Traps | -11 -10 -10 -9 -9 -8 ------- Run | Yrd Mat Min Mat Min Mat Traps Triggered 1 | . . . . . 1 Indirectly . | . . . . . . Trap Hack Attempts . | . . . . . . Triggered . | . . . . . . Disarmed . | . . . . . . Reprogrammed . | . . . . . . Reused . | . . . . . . Traps Extracted . | . . . . . . Installed . | . . . . . . Triggered . | . . . . . . Machines | -11 -10 -10 -9 -9 -8 ---------- Run | Yrd Mat Min Mat Min Mat Machines Disabled . | . . . . . . Max in Single Turn . | . . . . . . Machines Repaired . | . . . . . . Machines Dismantled . | . . . . . . Machines Sabotaged . | . . . . . . Overloaded Fab Kills . | . . . . . . Hacking | -11 -10 -10 -9 -9 -8 --------- Run | Yrd Mat Min Mat Min Mat Machines Accessed 2 | . . . . . 2 Terminals 2 | . . . . . 2 Fabricators . | . . . . . . Repair Stations . | . . . . . . Recycling Units . | . . . . . . Scanalyzers . | . . . . . . Garrison Access . | . . . . . . Total Hacks 3 | . . . . . 3 Successful 1 | . . . . . 1 Failed 2 | . . . . . 2 Catastrophic . | . . . . . . Database Lockouts . | . . . . . . Manual . | . . . . . . Terminals 3 | . . . . . 3 Fabricators . | . . . . . . Repair Stations . | . . . . . . Recycling Units . | . . . . . . Scanalyzers . | . . . . . . Garrison Access . | . . . . . . Terminal Hacks 1 | . . . . . 1 Record 1 | . . . . . 1 Fabricator Hacks . | . . . . . . Repair Station Hacks . | . . . . . . Recycling Unit Hacks . | . . . . . . Scanalyzer . | . . . . . . Garrison Access Hacks . | . . . . . . Unauthorized Hacks . | . . . . . . Terminals . | . . . . . . Fabricators . | . . . . . . Repair Stations . | . . . . . . Recycling Units . | . . . . . . Scanalyzers . | . . . . . . Garrison Access . | . . . . . . Data Cores Recovered . | . . . . . . Used . | . . . . . . Hacking Detections 2 | . . . . . 2 Full Trace Events . | . . . . . . Feedback Events . | . . . . . . Feedback Blocked . | . . . . . . Robot Schematics Acquired . | . . . . . . Robots Built . | . . . . . . Authchips . | . . . . . . Time . | . . . . . . Total Robot Build Rating . | . . . . . . Part Schematics Acquired . | . . . . . . Parts Built . | . . . . . . Authchips . | . . . . . . Time . | . . . . . . Total Part Build Rating . | . . . . . . Part Studies Acquired . | . . . . . . Parts Repaired . | . . . . . . Time . | . . . . . . Parts Recycled . | . . . . . . Recycled Matter . | . . . . . . Retrieved Matter . | . . . . . . Retrieved Components . | . . . . . . Parts Scanalyzed . | . . . . . . Part Schematics Acquired . | . . . . . . Parts Damaged . | . . . . . . Bothacking | -11 -10 -10 -9 -9 -8 ------------ Run | Yrd Mat Min Mat Min Mat Used RIF Installer . | . . . . . . Robots Hacked . | . . . . . . Non-combat . | . . . . . . Combat . | . . . . . . Robot Hacks Applied . | . . . . . . Relay Couplers Released . | . . . . . . Fabnet Peak Effective % . | . . . . . . Robots Rewired . | . . . . . . Allies Hacked . | . . . . . . Hacks Repelled . | . . . . . . Allies | -11 -10 -10 -9 -9 -8 -------- Run | Yrd Mat Min Mat Min Mat Total Allies . | . . . . . . Largest Group . | . . . . . . Highest-Rated Group . | . . . . . . Highest-Rated Ally . | . . . . . . Total Orders . | . . . . . . Ally Attacks . | . . . . . . Total Damage . | . . . . . . Kills . | . . . . . . Allies Corrupted . | . . . . . . Allies Melted . | . . . . . . Intel | -11 -10 -10 -9 -9 -8 ------- Run | Yrd Mat Min Mat Min Mat Active Infowar (turns) . | . . . . . . Robot Analysis Total . | . . . . . . Derelict Logs Recovered 1 | . . . . 1 . Drone Launches . | . . . . . . Drone Recoveries . | . . . . . . Exploration | -11 -10 -10 -9 -9 -8 ------------- Run | Yrd Mat Min Mat Min Mat Turns Passed 314 | 12 45 3 53 97 104 Spaces Moved 581 | 21 89 6 97 182 186 Core 501 | 21 89 6 97 163 125 Treads . | . . . . . . Legs . | . . . . . . Wheels . | . . . . . . Hover . | . . . . . . Flight 80 | . . . . 19 61 Fastest Speed 40 | 50 50 50 50 40 40 Average Speed 48 | 50 50 50 50 48 46 Slowest Speed 50 | 50 50 50 50 50 50 Overloaded Moves . | . . . . . . Propulsion Burnouts . | . . . . . . Robots Hopped . | . . . . . . Potential Cave-ins . | . . . . . . Cave-ins Triggered . | . . . . . . Exploration Rate (%) 22 | 3 26 6 17 53 32 Regions Visited 5 Branch Regions 2 Pre-discovered Areas . | . . . . . . Known Exits Taken . | . . . . . . Unknown Exits Taken 5 | 1 1 1 1 1 . Scrap Searched 1 | . . . . 1 . Spaces Dug . | . . . . . . Terrain Destroyed . | . . . . . . Melee . | . . . . . . Projectile . | . . . . . . AOE . | . . . . . . Terrain Rammed . | . . . . . . Walls Destroyed . | . . . . . . Machines Disabled . | . . . . . . Actions | -11 -10 -10 -9 -9 -8 --------- Run | Yrd Mat Min Mat Min Mat Total 607 | 21 88 5 101 189 203 Wait . | . . . . . . Move 576 | 20 88 5 96 181 186 Hop . | . . . . . . Pick Up 4 | 1 . . 1 2 . Fast Attach . | . . . . . . Attach 4 | . . . 2 2 . Detach 2 | . . . 2 . . Swap . | . . . . . . Drop . | . . . . . . Fire . | . . . . . . Melee . | . . . . . . Ram 21 | . . . . 4 17 Kick . | . . . . . . Crush . | . . . . . . Escape Stasis . | . . . . . . Rewire . | . . . . . . Trap . | . . . . . . Miscellaneous . | . . . . . . Route ------- -11/Scrapyard -10/Materials -10/Mines -9/Materials -9/Mines -8/Materials (discovered 1 exit: Fac) History --------- Turn | Location | Event 7 | -11/Scrapyard | Discovered new exit (range 12) 13 | -11/Scrapyard | Entered Materials 52 | -10/Materials | Discovered new exit (range 12) 58 | -10/Materials | Entered Mines 58 | -10/Mines | Discovered new exit (range 5) 61 | -10/Mines | Entered Materials 61 | -9/Materials | Evolved 2 slots: Utility x2 110 | -9/Materials | Discovered new exit (range 9) 114 | -9/Materials | Entered Mines 136 | -9/Mines | A weapon hastily lodged in a ceiling crevice suddenly fell to the ground 147 | -9/Mines | Met a Derelict bent on vengeance 196 | -9/Mines | Discovered new exit (range 7) 196 | -9/Mines | Learned 4 Materials zone layouts 211 | -9/Mines | Entered Materials 211 | -8/Materials | Evolved 2 slots: Utility x2 212 | -8/Materials | Identified exit to Factory 273 | -8/Materials | Core integrity fell below 50% 300 | -8/Materials | Build established: Mutant 308 | -8/Materials | Core integrity fell below 20% 315 | -8/Materials | Destroyed by G-47 Trooper with Particle Gun Last Messages --------------- Slammed into R-06 Scavenger. Slammed into K-01 Serf. Slammed into R-06 Scavenger. T-07 Excavator is excavating. K-01 Serf collects debris. Slammed into U-05 Engineer. U-05 Engineer destroyed. Acquired 30 matter. R-06 Scavenger collects Terrain Scan Processor. Slammed into U-05 Engineer. ALERT: Construction progress impeded, dispatching reinforcements to local area. Slammed into R-06 Scavenger. R-06 Scavenger collects Structural Scanner. Slammed into R-06 Scavenger. Triggered Alarm Trap. An alarm sounds. ALERT: Alarm triggered, dispatching investigation squad. [Achievement: Hunted] Map ----- +----------------------------------------------------+ | | | | | | | | | | | ?????????????????????????????????????????????????? | | ?????????????????????????????????????????????????? | | ?????????????????????????????????????????????????? | | ?????????????????????????????????????????????????? | | ????????????????????????????????????##???????????? | | ???????????????????????????????????? #???????????? | | ???????????????????????????????????? #???????????? | | ???????????????????????????????????? #???????????? | | ???????????????????????????????????? #???????????? | | ???????????????????????????????????? #???????????? | | ???????????????????????????????????? #???????????? | | ???????????????????????????????????? #???????????? | | ???????????????????????????????????? #???????????? | | ????????????????????????????#######?##???????????? | | ???????????????????????????? #??????????????? | | ???????????????????????????? "" % ??#########???## | | ????????????????????????????""S ?? ##### | | ????????????????????????????"" ??? # # | | ????????????????????????????? ???? # < # | | ????????????????#######+######Y####? # # | | ??????????a ag @ #? + + | | ?????????? g g #?""" # # | | ??????????g g kw #?""" # # | | ???????????############+####### #?""" # # | | ??????????????????????????????# #? # ## | | ????????????????????# #??# ##?????????????? | | ????????????????????# #??# #??????????????? | | ????????????????????# #??# #??????????????? | | ?########???????????# #??# #??????????????? | | ?# !#??#######??# #??# #??????????????? | | ?# "" ### ############## #??????????????? | | ?# "T + # # # #??????????????? | | ?# "" # # """ # # #??????????????? | | ?# # / """ # # #??????????????? | | ?# =# # """ # # #??????????????? | | ?######## # # # #??????????????? | | ?# ??# ################/#### ##?????????????? | | ?# """ # #????????????# # ########## ???? | | ?# """ + ############## T # ??? | | ?# """ # "" # T ??? | | ?# # ########### ## # ??? | | ?# ?# #????????# ## / # ########## ??? | | ?#####??# ########?####### #### ##?????????????? | | ????????# + #???????# #??# #########??????? | | ????????# # #???????# #??# # #??????? | +----------------------------------------------------+ Best States ------------- Heat Dissipation 31 Energy Generation 10 Energy Capacity 125 Matter Stores 253 Matter Capacity 300 Sight Range 16 Terrain Scan Density 10 Evasion (%) 62 Item Schematics ----------------- None Robot Schematics ------------------ None Fabricated ------------ Nothing Repaired ---------- Nothing Studied --------- None Alien Tech Used ----------------- None Achievements -------------- Hunted Challenges ------------ None Game ------ Seed SignalArmageddonBarrier Manual? 0 Play Time 00:08:54 Cumulative 10.6 hours Start 2026.01.16 @ 18:00:30 End 2026.01.16 @ 18:06:54 Sessions 1 Manual Loads 0 Difficulty Rogue Special Mode None Game No. 13 Rogue 13 Adventurer 0 Explorer 0 Win Type - Total 0 Types 0/0/0/0/0/0/0/0/0/0 Lore% 4 Gallery% 14 Achievement% 13 Wizard Run 0 Options --------- Layout 1 ASCII 1 Keyboard 0 Movement Mouse Keybinds 0 Fullscreen 1 Font 48/Terminus++ Map View 50x35 Zoom Use 0% Tactical HUD 0 Map Filters NONE Filters NONE Steam 1 RUN: d12ba572-3b7d-498f-ab40-c4c26b41b838